 Dungeon Crawl Stone Soup version 0.28.0-1-gb440e238dd (webtiles) character file.

Game seed: 17549858775137902334

705 Eitelfritz the Chopper (level 7, 0/61 HPs)
             Began as a Hill Orc Fighter on Feb 21, 2022.
             Slain by an ogre (19 damage)
             ... on level 5 of the Dungeon.
             The game lasted 00:07:59 (5438 turns).

Eitelfritz the Chopper (Hill Orc Fighter)           Turns: 5438, Time: 00:07:59

Health: 0/61       AC:  9    Str: 21    XL:     7   Next: 67%
Magic:  7/7        EV:  9    Int:  8    God:
Gold:   148        SH:  4    Dex: 10    Spells: 6/6 levels left

rFire   . . .      SeeInvis +   a - +1 war axe
rCold   . . .      Faith    .   c - +0 buckler
rNeg    . . .      Spirit   .   b - +1 scale mail
rPois   .          Reflect  .   (no helmet)
rElec   .          Harm     .   y - +0 cloak {Will+}
rCorr   .          Rampage  .   (no gloves)
Will    ++...                   (no boots)
Stlth   ..........              (no amulet)
HPRegen 0.20/turn               q - ring of willpower
MPRegen 0.10/turn               l - ring of see invisible

@: no status effects
A: no striking features
a: no special abilities


You were on level 5 of the Dungeon.
You visited 1 branch of the dungeon, and saw 5 of its levels.

You collected 273 gold pieces.
You spent 125 gold pieces at shops.

Inventory:

Hand Weapons
 a - a +1 war axe (weapon)
 e - a +0 battleaxe
 k - a +0 longbow
 w - a +0 hand crossbow
Missiles
 d - 2 silver javelins
 g - 11 poisoned darts (quivered)
 p - 2 javelins
 x - 51 bolts
Armour
 b - a +1 scale mail (worn)
 c - a +0 buckler (worn)
 y - a +0 cloak of willpower (worn)
 z - a +0 chain mail
Jewellery
 l - a ring of see invisible (right hand)
 q - a ring of willpower (left hand)
 r - a ring of flight
 u - a ring of protection from fire
Wands
 t - a wand of flame (3)
Scrolls
 o - a scroll of teleportation
 v - a scroll of identify
Potions
 f - 2 potions of flight {unknown}
 h - 2 potions of haste
 i - a potion of mutation {unknown}
 j - 3 potions of heal wounds {unknown}
 m - 2 potions of curing
 n - a potion of ambrosia {unknown}
 s - 2 potions of invisibility {unknown}
 A - a potion of attraction {unknown}


   Skills:
 + Level 5.5 Fighting
 + Level 7.1 Axes
 + Level 5.8 Armour
 + Level 1.0 Dodging
 + Level 0.3 Stealth
 + Level 4.2 Shields


You had 6 spell levels left.
You didn't know any spells.
Your spell library contained the following spells:

 Spells                   Type           Power      Damage    Failure   Level
 Apportation              Tloc           0%         N/A       82%         1
 Summon Small Mammal      Summ           0%         N/A       82%         1
 Call Canine Familiar     Summ           0%         N/A       99%         3
 Summon Guardian Golem    Hex/Summ       0%         N/A       99%         3
 Alistair's Intoxication  Tmut/Pois      0%         N/A       100%        5


Dungeon Overview and Level Annotations

Branches:
Dungeon (5/15)
 Temple: D:4-7

Altars:
Sif Muna

Shops:
D:4 (=**:   D:5 *


Message History

Things that are here:
a +0 club; a +0 leather armour You block the wyvern skeleton's attack.
The wyvern skeleton bites you!
You hit the wyvern skeleton.
The wyvern skeleton is lightly damaged.
The wyvern skeleton barely misses you.
You slash the wyvern skeleton!
The wyvern skeleton is severely damaged.
The wyvern skeleton bites you. The wyvern skeleton barely misses you.
You slash the wyvern skeleton!
The wyvern skeleton is almost destroyed.
You block the wyvern skeleton's attack.
You hit the wyvern skeleton.
The wyvern skeleton is almost destroyed.
You block the wyvern skeleton's attack. The wyvern skeleton closely misses you.
You slash the wyvern skeleton!
You destroy the wyvern skeleton!
j - 3 emerald potions (gained 1)
You now have 148 gold pieces (gained 6).
Found a book of Party Tricks.
An ogre comes into view. It is wielding a +0 giant club.
The ogre shouts!
Found a stone staircase leading down.
The ogre hits you with a +0 giant club!
You hit the ogre.
The ogre is moderately wounded.
You slash the ogre!
The ogre is heavily wounded.
The ogre hits you with a +0 giant club!!
You hit the ogre but do no damage.
The ogre is heavily wounded.
The ogre hits you with a +0 giant club.
* * * LOW HITPOINT WARNING * * *
You slash the ogre!
The ogre is almost dead.
The ogre barely misses you.
You completely miss the ogre.
The ogre is almost dead.
The ogre hits you with a +0 giant club!!
You die...

......##+###.........
##........##......####
##........##.........#
...###....##.........#
...###....##....######
...................#
...................#
.......)........#######.
.......)...###..@.......
.........).......O....>#
.##########.####...#.#.#
. #########..# #.....# .
#.......##.###.....#
#.......##..##...### .
#...........##...# .
#............#...# .
#............#


You could see an ogre.

Vanquished Creatures
  Sigmund (D:2)
  An ogre (D:5)
  A wyvern skeleton (D:5)
  2 hounds (D:5)
  Crazy Yiuf (D:3)
  A bullfrog skeleton (D:5)
  An orc priest (D:5)
  Ijyb (D:4)
  Jessica (D:3)
  An iguana (D:4)
  2 orc wizards
  5 adders
  An adder skeleton (D:4)
  2 worms (D:3)
  A dart slug (D:1)
  9 orcs
  5 endoplasms
  2 giant cockroaches (D:1)
  11 goblins
  10 hobgoblins
  7 jackals
  6 kobolds
  A quokka (D:3)
  5 ball pythons
  2 bats
  A frilled lizard (D:2)
  3 rats
84 creatures vanquished.

Vanquished Creatures (others)
  5 fungi (D:3)
5 creatures vanquished.

Grand Total: 89 creatures vanquished

Notes
Turn   | Place    | Note
-------+----------+-------------------------------------------
     0 | D:1      | Eitelfritz the Hill Orc Fighter began the quest for the
                  | Orb.
     0 | D:1      | Reached XP level 1. HP: 19/19 MP: 1/1
   299 | D:1      | Reached skill level 3 in Axes
   401 | D:1      | Reached XP level 2. HP: 24/27 MP: 2/2
   660 | D:1      | Found a faded altar of an unknown god.
   909 | D:2      | Noticed Sigmund
   917 | D:2      | HP: 1/27 [Sigmund (12)]
   918 | D:2      | Killed Sigmund
   919 | D:2      | Reached skill level 4 in Axes
   919 | D:2      | Reached XP level 3. HP: 1/34 MP: 3/3
   919 | D:2      | Reached XP level 4. HP: 2/41 MP: 4/4
   919 | D:2      | Reached XP level 5. HP: 2/47 MP: 5/5
  1306 | D:2      | Found a shimmering blue altar of Sif Muna.
  1633 | D:2      | Reached skill level 5 in Axes
  2492 | D:3      | Reached XP level 6. HP: 27/53 MP: 6/6
  2746 | D:3      | Noticed Jessica
  2756 | D:3      | Killed Jessica
  3492 | D:3      | Found a runed translucent door.
  3493 | D:3      | Noticed Crazy Yiuf
  3715 | D:4      | Reached skill level 5 in Armour
  3822 | D:4      | Found Suytil's Book Emporium.
  3836 | D:4      | Found Paweyrom's General Store.
  3847 | D:4      | Found Xavi's Jewellery Boutique.
  3848 | D:4      | Bought a scroll of noise for 12 gold pieces
  3848 | D:4      | Bought a potion of curing for 36 gold pieces
  3890 | D:4      | Found Giarimm's Weapon Emporium.
  3913 | D:4      | Bought a +0 longbow for 49 gold pieces
  4140 | D:4      | Found Oschouc's General Store.
  4249 | D:4      | Noticed Ijyb
  4264 | D:4      | Killed Ijyb
  4460 | D:4      | Reached skill level 6 in Axes
  4680 | D:4      | Bought 12 bolts for 28 gold pieces
  4845 | D:3      | Killed Crazy Yiuf
  5066 | D:5      | Entered Level 5 of the Dungeon
  5079 | D:5      | Reached skill level 5 in Fighting
  5079 | D:5      | Reached skill level 1 in Dodging
  5079 | D:5      | Reached XP level 7. HP: 44/61 MP: 7/7
  5213 | D:5      | Found Vicliv's Elemental Accessories.
  5239 | D:5      | Reached skill level 7 in Axes
  5438 | D:5      | Slain by an ogre

Illustrated notes

Levels and vault maps discovered:
D:1:      lemuel_arrival_rhombus, layout_basic, shapermc_ecumenical_altar_venn,
          kennysheep_boxes
D:2:      layout_basic, basic_altar, minmay_misc_feat_room,
          roderic_serpentine_path, uniq_sigmund
D:3:      layout_basic, uniq_crazy_yiuf_cottage, uniq_jessica
D:4:      kennysheep_goblin_castle, layout_loops_ring, serial_shops,
          nicolae_diamond_shop, shop_coins, shop, shop, nicolae_square_shop,
          corexii_leaking_fountain, kennysheep_generic_room_8
D:5:      layout_basic, nicolae_elemental_shop, hangedman_abyss_or_decor_stagger

Skill      XL: |  1  2  3  4  5  6  7 |
---------------+----------------------+-----
Axes           | 3 4 5 6 7 |  7.1
Fighting       | 4 5 |  5.5
Armour         | 4 5 |  5.8
Shields        | 4 |  4.2
Dodging        | 1 |  1.0
Stealth        | |  0.3

Action                   |  1- 3 |  4- 6 |  7- 9 || total
-------------------------+-------+-------+-------++-------
Melee: War axe           |    44 |   185 |    43 ||   272
  Use: Potion            |     1 |       |       ||     1
       Scroll            |       |     5 |       ||     5
Armor: Scale mail        |    24 |    89 |    19 ||   132
Dodge: Dodged            |    18 |    74 |    23 ||   115
Block: Buckler           |     9 |    44 |    10 ||    63
